 Dungeon Crawl Stone Soup version 0.32-a0-42-ga30500b4d3 (webtiles) character file.

Game seed: 8201648964087944237

217 BlueFish the Sneak (level 5, -1/51 HPs)
             Began as an Octopode Shapeshifter on Jan 31, 2024.
             Succumbed to a water moccasin's poison
             ... on level 5 of the Dungeon.
             The game lasted 00:04:59 (3361 turns).

BlueFish the Sneak (Octopode Shapeshifter)          Turns: 3361, Time: 00:04:59

Health: -1/51      AC: 22    Str: 15    XL:     5   Next: 94%
Magic:  5/5        EV:  2    Int: 12    God:
Gold:   264        SH:  0    Dex: 12    Spells: 4/4 levels left

rFire   . .          .
                       - Unarmed
rCold   . . .        (no shield)
rNeg    . . .        (helmet currently unavailable)
rPois   +            (no amulet)
rElec   .            (no ring)
rCorr   .            (no ring)
SInv    .            (no ring)
Will    .....        (no ring)
Stlth   ++           (no ring)
HPRegen 0.28/turn    (no ring)
MPRegen 0.09/turn    (no ring)
                     (no ring)

%: no passive effects
@: lethally poisoned (-1 -> -11), tree-form
A: stationary, stasis, torment immunity, boosted hp, almost no armour,
(amphibious), 8 rings, (camouflage 1), (gelatinous body 1), (nimble swimmer 1),
(tentacles)
a: no special abilities


You were on level 5 of the Dungeon.
You were a tree.
You visited 1 branch of the dungeon, and saw 5 of its levels.

You collected 264 gold pieces.

Inventory:

Missiles
 d - 46 stones (quivered)
 i - 17 poisoned darts
Jewellery
 l - a +6 ring of strength
Talismans
 b - a beast talisman
 c - a flux talisman
Scrolls
 f - a scroll of enchant armour {unknown}
 h - 3 scrolls of teleportation {unknown}
 n - a scroll of amnesia {unknown}
 o - 2 scrolls of fog {unknown}
Potions
 a - a potion of lignification
 j - a potion of attraction {unknown}
 k - 2 potions of ambrosia
 m - a potion of degeneration {unknown}
 p - a potion of haste {unknown}
 q - 2 potions of mutation
 r - 2 potions of enlightenment


   Skills:
 + Level 2.2 Fighting
 + Level 1.8 Throwing
 + Level 2.9 Dodging
 * Level 3.9 Stealth
 + Level 3.6 Unarmed Combat
 + Level 3.4 Shapeshifting


You had 4 spell levels left.
You didn't know any spells.
Your spell library contained the following spells:

 Spells                   Type           Power      Damage    Failure   Level
 Lesser Beckoning         Tloc           0%         N/A       45%         2
 Gell's Gravitas          Tloc           0%         N/A       69%         3
 Teleport Other           Tloc           0%         N/A       69%         3


Dungeon Overview and Level Annotations

Branches:
Dungeon (5/15)
 Temple: D:4-7

Altars:
Hepliaklqana
Nemelex Xobeh
Vehumet
Yredelemnul


Innate Abilities, Weirdness & Mutations

You are a tree.
Your roots penetrate the ground, keeping you stationary.
You cannot be teleported.
You are immune to unholy pain and torment.
Your maximum health is greatly increased.
You cannot wear most types of armour.
((You are amphibious.))
You can wear up to eight rings at the same time.
((Your skin changes colour to match your surroundings (Stealth+).))
((Your rubbery body absorbs attacks. (AC +1, EV +1)))
((You are camouflaged when in or above water. (Stealth+)))
((You have tentacles for arms and can constrict up to eight enemies at once.))


Message History

You kill the iguana!
You see here an iguana corpse.
You now have 264 gold pieces (gained 13).
An ogre comes into view. It is wielding a +0 giant club.
A ribbon worm comes into view.
A scorpion comes into view.
A jackal comes into view.
The jackal barks!
A water moccasin comes into view.
A jackal comes into view.
The water moccasin hisses angrily.
You bludgeon the water moccasin! Your grab misses the water moccasin.
The water moccasin is moderately wounded.
The water moccasin bites you.
You are poisoned.
The water moccasin poisons you!
You barely miss the water moccasin. Your grab misses the water moccasin.
You squeeze the water moccasin.
The water moccasin is heavily wounded.
You feel very sick. The water moccasin bites you.
You are lethally poisoned!
The water moccasin poisons you!
You tentacle-slap the water moccasin. Your grab misses the water moccasin.
The water moccasin is heavily wounded.
You feel very sick. The water moccasin barely misses you.
The water moccasin bites you!
* * * LOW HITPOINT WARNING * * *
You feel better. The water moccasin bites you.
You are lethally poisoned!
The water moccasin poisons you!
You feel better. The water moccasin bites you!
You barely miss the water moccasin. Your grab misses the water moccasin.
The water moccasin is heavily wounded.
The water moccasin bites you.
* * * LOW HITPOINT WARNING * * *
You are lethally poisoned!
The water moccasin poisons you! The water moccasin bites you!
* * * LOW HITPOINT WARNING * * *
Your transformation has ended.
You turn into a tree.
Your roots penetrate the ground.
You die...

..##....# Oh.#
........##..#
.........S.# ..
#####....## ...
#####.####
#..###.##...#
#..........h#
#........##S#
..#..#.......♣.#
......#.........#
......#........##
........#......###
...............#
..............#####
.....##......<##..##
.....##............##
#..##.#.#.#....)....##


You could see a water moccasin and a jackal.

Vanquished Creatures
  A phantom (D:4)
  An iguana (D:5)
  Robin (D:2)
  2 adders (D:2)
  2 dart slugs
  A ribbon worm (D:2)
  4 orcs
  A bat (D:2)
  10 endoplasms
  5 giant cockroaches
  15 goblins
  7 hobgoblins
  4 jackals (D:4)
  3 kobolds
  A quokka (D:1)
  7 ball pythons
  9 frilled lizards
  4 rats
78 creatures vanquished.

Notes
Turn   | Place    | Note
-------+----------+-------------------------------------------
     0 | D:1      | BlueFish the Octopode Shapeshifter began the quest for the
                  | Orb.
     0 | D:1      | Reached XP level 1. HP: 13/13 MP: 1/1
    61 | D:1      | Reached skill level 1 in Stealth
    61 | D:1      | Reached XP level 2. HP: 11/18 MP: 2/2
   734 | D:1      | Reached XP level 3. HP: 23/23 MP: 3/3
  1081 | D:2      | Noticed Robin
  1140 | D:2      | Killed Robin
  1303 | D:2      | Reached XP level 4. HP: 25/28 MP: 4/4
  1539 | D:2      | Reached skill level 1 in Throwing
  2059 | D:3      | Found a radiant altar of Vehumet.
  2147 | D:3      | Found a faded altar of an unknown god.
  2595 | D:4      | Reached XP level 5. HP: 17/34 MP: 5/5
  2680 | D:4      | Found a sparkling altar of Nemelex Xobeh.
  2795 | D:4      | Found a basalt altar of Yredelemnul.
  2997 | D:4      | Found a hazy altar of Hepliaklqana.
  3021 | D:4      | Noticed a phantom
  3041 | D:4      | Killed a phantom
  3288 | D:5      | Entered Level 5 of the Dungeon
  3343 | D:5      | Noticed an ogre
  3347 | D:5      | Noticed a water moccasin
  3360 | D:5      | HP: 1/34 [water moccasin (9)]
  3361 | D:5      | Succumbed to a water moccasin's poison

Illustrated notes

Levels and vault maps discovered:
D:1:      eino_arrival_druids_welcome, layout_basic
D:2:      layout_basic, nrook_mini_vaults, minmay_3d_cube, uniq_robin
D:3:      layout_rooms, mainiacjoe_overflow_small_starburst,
          ebering_ecumenical_altar_rust, minmay_lizard_king
D:4:      layout_cave_pods, worldfamousw_hep_ancestral_shrine,
          mainiacjoe_overflow_alcove_1, kennysheep_mini_moat
D:5:      kennysheep_big_flooded_room, layout_cave_pools,
          grunt_ashenzari_visionary [grunt_ashenzari_visionary_shoals,
          grunt_ashenzari_visionary_spider], uniq_eustachio, uniq_sigmund

Skill      XL: |  1  2  3  4  5 |
---------------+----------------+-----
Stealth        | 1 2 3 |  3.9
Throwing       | 1 |  1.8
Fighting       | 2 |  2.2
Dodging        | |  2.9
Unarmed Combat | |  3.6
Shapeshifting  | |  3.4

Action                     |  1- 3 |  4- 6 || total
---------------------------+-------+-------++-------
  Melee: Unarmed           |    68 |    95 ||   163
         Constrict         |    12 |    17 ||    29
         Tentacles         |     9 |    16 ||    25
         Punch             |     1 |     1 ||     2
    Use: Scroll            |       |     4 ||     4
         Potion            |       |     3 ||     3
   Stab: Sleeping          |     9 |     7 ||    16
         Distracted        |       |     1 ||     1
 Armour: Skin              |    14 |    44 ||    58
  Dodge: Dodged            |    32 |    39 ||    71

Table legend: (Time is in decaauts)
 A = Elapsed time spent in this place.
 B = Non-inter-level travel time spent in this place.
 C = Inter-level travel time spent in this place.
 D = Time resting spent in this place.
 E = Time spent auto-exploring this place.
 F = Levels seen in this place.
 G = Mean time per level.
                   A        B        C        D        E       F      G
               +--------+--------+--------+--------+--------+-----+--------+
         Total |   3349 |   3300 |     49 |     10 |   2654 |   5 |  669.8 |
       Dungeon |   3349 |   3300 |     49 |     10 |   2654 |   5 |  669.8 |
               +--------+--------+--------+--------+--------+-----+--------+

Top non-repeatable levels by time:
     D:2: 1092 daAuts
     D:4: 971 daAuts
     D:1: 772 daAuts
     D:3: 440 daAuts
     D:5: 72 daAuts
